 Dungeon Crawl Stone Soup version 0.28.0-53-g5a82cb258f (webtiles) character file.

Game seed: 2968075044309985464

162 cbfl8 the Chopper (level 5, -4/46 HPs)
             Began as a Minotaur Fighter on July 19, 2022.
             Slain by Sigmund
             ... wielding a +0 scythe of venom
              (10 damage)
             ... on level 3 of the Dungeon.
             The game lasted 00:02:20 (2261 turns).

cbfl8 the Chopper (Minotaur Fighter)                Turns: 2261, Time: 00:02:21

Health: -4/46      AC: 11    Str: 20    XL:     5   Next: 19%
Magic:  4/4        EV:  6    Int:  5    God:
Gold:   65         SH:  5    Dex: 12    Spells: 4/4 levels left

rFire   . . .      SeeInvis .   a - +0 war axe
rCold   . . .      Faith    .   c - +0 buckler
rNeg    . . .      Spirit   .   h - +0 plate armour
rPois   .          Reflect  .   (helmet restricted)
rElec   .          Harm     .   (no cloak)
rCorr   .          Rampage  .   (no gloves)
Will    .....                   (no boots)
Stlth   ..........              (no amulet)
HPRegen 0.15/turn               (no ring)
MPRegen 0.09/turn               (no ring)

@: no status effects
A: horns 2, retaliatory headbutt
a: no special abilities


You were on level 3 of the Dungeon.
You visited 1 branch of the dungeon, and saw 3 of its levels.

You collected 87 gold pieces.
You spent 22 gold pieces at shops.

Inventory:

Hand Weapons
 a - a +0 war axe (weapon)
Armour
 b - a +0 scale mail
 c - a +0 buckler (worn)
 h - a +0 plate armour (worn)
Jewellery
 j - a +6 ring of dexterity
 l - an amulet of guardian spirit
Scrolls
 e - a scroll of teleportation {unknown}
 f - a scroll of enchant armour {unknown}
 g - 2 scrolls of amnesia
 i - a scroll of noise {unknown}
 m - a scroll of identify
Potions
 d - 2 potions of might


   Skills:
 + Level 4.1 Fighting
 + Level 4.8 Axes
 + Level 4.2 Armour
 + Level 1.0 Dodging
 + Level 1.1 Stealth
 + Level 4.2 Shields


You had 4 spell levels left.
You didn't know any spells.
Your spell library was empty.

Dungeon Overview and Level Annotations

Branches:
Dungeon (3/15)

Altars:

Shops:
D:2 ?   D:3 (

Annotations:
D:3 Sigmund


Innate Abilities, Weirdness & Mutations

You have a pair of horns on your head.
You reflexively headbutt those who attack you in melee.


Message History

You closely miss something. Your headbutt misses something.
You feel very sick.
You hear some strange, mumbled words.
You are confused.
You hear some strange, mumbled words.
Something tries to affect you, but you resist.
You bump into the rock wall.
You feel sick.
An endoplasm comes into view.
Something hits you but does no damage.
You are more poisoned.
You feel very sick.
The endoplasm quivers.
You feel very sick. Something hits you.
You closely miss something. Your headbutt misses something.
You feel very sick. Something hits you but does no damage.
You are more poisoned.
You bump into the rock wall.
You feel very sick.
You barely miss something.
You feel less confused.
You feel very sick. Something hits you but does no damage.
You are lethally poisoned!
You barely miss something.
* * * LOW HITPOINT WARNING * * *
You feel very sick. Something hits you but does no damage.
You are more poisoned.
You barely miss something. Your headbutt misses something.
* * * LOW HITPOINT WARNING * * *
You feel extremely sick.
You hear some strange, mumbled words.
A puff of flame appears from out of thin air!
The puff of flame hits you.
* * * LOW HITPOINT WARNING * * *
Okay, then.
It was a potion of curing.
You feel better. Something hits you!
You die...

#######
#.....########..#
#........@{J.....
#.....########### .
#.....###### ..#
#..........# ..
....#..........# .#
#....#.##.....##.#
##.#...##.....##.#
#.###........##.#
#.###.#......##.###
..


You could see an endoplasm.

Vanquished Creatures
  An iguana (D:2)
  Natasha (D:3)
  5 adders (D:2)
  An adder skeleton (D:2)
  4 worms (D:2)
  An orc (D:3)
  5 ball pythons
  4 bats
  7 endoplasms
  2 giant cockroaches
  5 goblins
  3 hobgoblins
  4 kobolds
  2 quokkas
  5 frilled lizards
  3 rats
53 creatures vanquished.

Notes
Turn   | Place    | Note
-------+----------+-------------------------------------------
     0 | D:1      | cbfl8 the Minotaur Fighter began the quest for the Orb.
     0 | D:1      | Reached XP level 1. HP: 19/19 MP: 0/0
    81 | D:1      | Reached XP level 2. HP: 27/27 MP: 1/1
   788 | D:2      | Reached XP level 3. HP: 21/33 MP: 2/2
   897 | D:2      | Found Jiopacs's Magic Scroll Shop.
   900 | D:2      | Bought a scroll of identify for 22 gold pieces
  1474 | D:2      | Reached XP level 4. HP: 38/40 MP: 3/3
  1575 | D:2      | Reached skill level 1 in Dodging
  2117 | D:3      | Found a faded altar of an unknown god.
  2172 | D:3      | Noticed Natasha
  2178 | D:3      | Killed Natasha
  2179 | D:3      | Reached skill level 1 in Stealth
  2179 | D:3      | Reached XP level 5. HP: 41/46 MP: 4/4
  2216 | D:3      | Found Etebiaf's Weapon Boutique.
  2247 | D:3      | Noticed Sigmund
  2260 | D:3      | HP: 1/46 [something/puff of flame (3)]
  2261 | D:3      | Slain by Sigmund

Illustrated notes

Levels and vault maps discovered:
D:1:      erik_arrival_blinker_ship, layout_loops_ring
D:2:      minmay_evil_eye, layout_loops_cross, serial_shops, shop
D:3:      layout_rooms, ebering_ecumenical_altar_webs, serial_shops,
          nicolae_shop_trees, uniq_natasha, uniq_sigmund

Skill      XL: |  1  2  3  4 |
---------------+-------------+-----
Fighting       | 4 |  4.1
Armour         | 4 |  4.2
Shields        | 4 |  4.2
Axes           | 3 4 |  4.8
Dodging        | 1 |  1.0
Stealth        | 1 |  1.1

Action                   |  1- 3 |  4- 6 || total
-------------------------+-------+-------++-------
Melee: War axe           |    73 |    56 ||   129
       Headbutt          |     9 |     2 ||    11
  Use: Scroll            |     1 |       ||     1
       Potion            |       |     1 ||     1
Armor: Scale mail        |    20 |       ||    20
       Plate armour      |    24 |    35 ||    59
Dodge: Dodged            |    24 |    18 ||    42
Block: Buckler           |     9 |    10 ||    19
